TOP OF THE 1ST |
Santa Monica Bruins batting - Pitching for District 9 Prawns : LHP Ricardo Vega
|
Pitching: LHP Ricardo Vega
|
|
Batting: LHB Francisco Medina
|
0-0: Swinging Strike 0-1: Called Strike 0-2: Fly out, F9 (Flyball, 89D)
|
Batting: RHB Alfredo López
|
0-0: Ball 1-0: Ball 2-0: Swinging Strike 2-1: SINGLE (Line Drive, 7LS)
|
Batting: RHB Roberto Cruz
|
0-0: Swinging Strike 0-1: Called Strike 0-2: Ball 1-2: Strikes out swinging
|
Batting: SHB Adrián Nieto
|
0-0: Ball 1-0: Ball 2-0: Foul Ball, location: 2F 2-1: Ball 3-1: Base on Balls Alfredo López to second
|
Batting: RHB Johnny Williams
|
0-0: Ball 1-0: Ball 2-0: Ball 3-0: Called Strike 3-1: Fly out, F4 (Popup, 4D)
|
Top of the 1st over - 0 run(s), 1 hit(s), 0 error(s), 2 left on base; Santa Monica 0 - District 9 0 |
BOTTOM OF THE 1ST |
District 9 Prawns batting - Pitching for Santa Monica Bruins : RHP Martín Ortíz
|
Pitching: RHP Martín Ortíz
|
|
Batting: SHB Félix Montoya
|
0-0: Called Strike 0-1: Ball 1-1: Swinging Strike 1-2: Ball 2-2: Foul Ball, location: 2F 2-2: Strikes out swinging
|
Batting: RHB José Colón
|
0-0: Ball 1-0: Called Strike 1-1: Called Strike 1-2: Ball 2-2: Foul Ball, location: 2F 2-2: Strikes out swinging
|
Batting: SHB Rick Turner
|
0-0: Called Strike 0-1: Foul Ball, location: 2F 0-2: Ball 1-2: Foul Ball, location: 2F 1-2: Foul Ball, location: 2F 1-2: Ball 2-2: DOUBLE (Flyball, 78XD)
|
Batting: LHB Terry Simpson
|
0-0: Foul Ball, location: 2F 0-1: Ball 1-1: Ball 2-1: Ball 3-1: Foul Ball, location: 2F 3-2: Foul Ball, location: 2F 3-2: Base on Balls
|
Batting: RHB Felipe Jareńo
|
0-0: Fielders Choice at 2nd, 5-4 (Groundball, 56)
|
Bottom of the 1st over - 0 run(s), 1 hit(s), 0 error(s), 1 left on base; Santa Monica 0 - District 9 0 |
TOP OF THE 2ND |
Santa Monica Bruins batting - Pitching for District 9 Prawns : LHP Ricardo Vega
|
Batting: RHB Bonifacio Torres
|
0-0: Foul Ball, location: 2F 0-1: Foul Ball, location: 2F 0-2: Strikes out looking
|
Batting: RHB Luis Martínez
|
0-0: Fly out, F8 (Line Drive, 78M)
|
Batting: RHB Ernest Russell
|
0-0: Ball 1-0: Fly out, F6 (Popup, 6D)
|
Top of the 2nd over - 0 run(s), 0 hit(s), 0 error(s), 0 left on base; Santa Monica 0 - District 9 0 |
BOTTOM OF THE 2ND |
District 9 Prawns batting - Pitching for Santa Monica Bruins : RHP Martín Ortíz
|
Batting: LHB Donnie Cunningham
|
0-0: Ball 1-0: Foul Ball, location: 2F 1-1: Foul Ball, location: 2F 1-2: Foul Ball, location: 2F 1-2: Strikes out looking
|
Batting: LHB Mike Davis
|
0-0: Called Strike 0-1: Ball 1-1: Foul Ball, location: 2F 1-2: Strikes out swinging
|
Batting: LHB Culley Vaughan
|
0-0: Ground out U3 (Groundball, 3)
|
Bottom of the 2nd over - 0 run(s), 0 hit(s), 0 error(s), 0 left on base; Santa Monica 0 - District 9 0 |
TOP OF THE 3RD |
Santa Monica Bruins batting - Pitching for District 9 Prawns : LHP Ricardo Vega
|
Batting: RHB Armando Colón
|
0-0: Ball 1-0: Called Strike 1-1: TRIPLE (Line Drive, 3L)
|
Batting: LHB Francisco Medina
|
0-0: Ball 1-0: Foul Ball, location: 2F 1-1: Called Strike 1-2: Foul Ball, location: 2F 1-2: Foul Ball, location: 2F 1-2: Ball 2-2: Ball 3-2: Foul Ball, location: 2F 3-2: Ground out U3 (Groundball, 34S) Armando Colón scores
|
Batting: RHB Alfredo López
|
0-0: Ground out 6-3 (Groundball, 6)
|
Batting: RHB Roberto Cruz
|
0-0: Called Strike 0-1: Ball 1-1: DOUBLE (Flyball, 7D)
|
Batting: SHB Adrián Nieto
|
0-0: Ground out 4-3 (Groundball, 4)
|
Top of the 3rd over - 1 run(s), 2 hit(s), 0 error(s), 1 left on base; Santa Monica 1 - District 9 0 |
BOTTOM OF THE 3RD |
District 9 Prawns batting - Pitching for Santa Monica Bruins : RHP Martín Ortíz
|
Batting: RHB Phil Jacobs
|
0-0: Foul Ball, location: 2F 0-1: Ball 1-1: Called Strike 1-2: Ball 2-2: Ground out 4-3 (Groundball, 4)
|
Batting: SHB Félix Montoya
|
0-0: Ball 1-0: Fly out, F4 (Popup, 4D)
|
Batting: RHB José Colón
|
0-0: Ball 1-0: Fly out, F9 (Flyball, 89D)
|
Bottom of the 3rd over - 0 run(s), 0 hit(s), 0 error(s), 0 left on base; Santa Monica 1 - District 9 0 |
TOP OF THE 4TH |
Santa Monica Bruins batting - Pitching for District 9 Prawns : LHP Ricardo Vega
|
Batting: RHB Johnny Williams
|
0-0: Ball 1-0: Ball 2-0: Foul Ball, location: 2F 2-1: Fly out, F9 (Flyball, 9LM)
|
Batting: RHB Bonifacio Torres
|
0-0: Called Strike 0-1: Ball 1-1: Fly out, F8 (Flyball, 8RD)
|
Batting: RHB Luis Martínez
|
0-0: Ball 1-0: Called Strike 1-1: Ground out 6-3 (Groundball, 6D)
|
Top of the 4th over - 0 run(s), 0 hit(s), 0 error(s), 0 left on base; Santa Monica 1 - District 9 0 |
BOTTOM OF THE 4TH |
District 9 Prawns batting - Pitching for Santa Monica Bruins : RHP Martín Ortíz
|
Batting: SHB Rick Turner
|
0-0: Foul Ball, location: 2F 0-1: Ball 1-1: Ball 2-1: Foul Ball, location: 2F 2-2: Foul Ball, location: 2F 2-2: Ball 3-2: Ground out 6-3 (Groundball, 6)
|
Batting: LHB Terry Simpson
|
0-0: Ball 1-0: Ball 2-0: Ball 3-0: Base on Balls
|
Batting: RHB Felipe Jareńo
|
0-0: SINGLE (Line Drive, 6D) Terry Simpson to second
|
Batting: LHB Donnie Cunningham
|
0-0: Ball 1-0: Fielders Choice at 2nd, 4-6 (Groundball, 4) Terry Simpson to third
|
Batting: LHB Mike Davis
|
0-0: Fly out, F8 (Flyball, 8LM)
|
Bottom of the 4th over - 0 run(s), 1 hit(s), 0 error(s), 2 left on base; Santa Monica 1 - District 9 0 |
TOP OF THE 5TH |
Santa Monica Bruins batting - Pitching for District 9 Prawns : LHP Ricardo Vega
|
Batting: RHB Ernest Russell
|
0-0: Ball 1-0: Ball 2-0: SINGLE (Line Drive, 6M)
|
Batting: RHB Armando Colón
|
0-0: Called Strike 0-1: Called Strike Ernest Russell steals 2nd base 0-2: Fly out, F9 (Flyball, 9S)
|
Batting: LHB Francisco Medina
|
0-0: Ball 1-0: Ground out 4-3 (Groundball, 34) Ernest Russell to third
|
Batting: RHB Alfredo López
|
0-0: Ball 1-0: Ball 2-0: Called Strike 2-1: Foul Ball, location: 2F 2-2: Foul Ball, location: 2F 2-2: Fly out, F8 (Line Drive, 8LM)
|
Top of the 5th over - 0 run(s), 1 hit(s), 0 error(s), 1 left on base; Santa Monica 1 - District 9 0 |
BOTTOM OF THE 5TH |
District 9 Prawns batting - Pitching for Santa Monica Bruins : RHP Martín Ortíz
|
Batting: LHB Culley Vaughan
|
0-0: Swinging Strike 0-1: Foul Ball, location: 2F 0-2: Ball 1-2: Foul Ball, location: 2F 1-2: Ball 2-2: Ball 3-2: Base on Balls
|
Batting: RHB Phil Jacobs
|
0-0: Foul Ball, location: 2F 0-1: SINGLE (Groundball, 4MD) Culley Vaughan to second
|
Batting: SHB Félix Montoya
|
0-0: Fielders Choice at 2nd, 4-6 (Groundball, 34) Culley Vaughan to third
|
Batting: RHB José Colón
|
0-0: Ball Félix Montoya is caught stealing 2nd base 1-0: Ball 2-0: Called Strike 2-1: Foul Ball, location: 2F 2-2: DOUBLE (Line Drive, 8LXD) Culley Vaughan scores
|
Batting: SHB Rick Turner
|
0-0: Intentional Walk
|
Batting: LHB Terry Simpson
|
0-0: Called Strike 0-1: Foul Ball, location: 2F 0-2: Strikes out swinging
|
Bottom of the 5th over - 1 run(s), 2 hit(s), 0 error(s), 2 left on base; Santa Monica 1 - District 9 1 |
TOP OF THE 6TH |
Santa Monica Bruins batting - Pitching for District 9 Prawns : LHP Ricardo Vega
|
Batting: RHB Roberto Cruz
|
0-0: Reached on error, E8 (Flyball, 8RM)
|
Batting: SHB Adrián Nieto
|
0-0: Ball 1-0: Called Strike 1-1: Called Strike 1-2: Ball 2-2: Ball 3-2: Foul Ball, location: 2F 3-2: Fly out, F4 (Popup, 4MD)
|
Batting: RHB Johnny Williams
|
0-0: Ball 1-0: Foul Ball, location: 2F 1-1: Ball 2-1: Foul Ball, location: 2F 2-2: SINGLE (Groundball, 56D) Roberto Cruz to second
|
Pinch Runner at 2nd Fletcher Reed:
|
|
Batting: RHB Bonifacio Torres
|
0-0: Ball 1-0: SINGLE (Flyball, 8LM) Fletcher Reed to third Johnny Williams to second
|
Batting: RHB Luis Martínez
|
0-0: Swinging Strike 0-1: Ball 1-1: Ball 2-1: Fly out, F5 (Popup, 5S)
|
Batting: RHB Ernest Russell
|
0-0: Ball 1-0: Swinging Strike 1-1: Foul Ball, location: 2F 1-2: Foul Ball, location: 2F 1-2: Ball 2-2: Ball 3-2: Foul Ball, location: 2F 3-2: Fly out, F8 (Flyball, 78M)
|
Top of the 6th over - 0 run(s), 2 hit(s), 1 error(s), 3 left on base; Santa Monica 1 - District 9 1 |
BOTTOM OF THE 6TH |
District 9 Prawns batting - Pitching for Santa Monica Bruins : RHP Martín Ortíz
|
Pitching: RHP Mario Chávez
|
|
Now at 3B: Fletcher Reed
|
|
Batting: RHB Felipe Jareńo
|
0-0: Ball 1-0: Ball 2-0: Called Strike 2-1: Ball 3-1: Foul Ball, location: 2F 3-2: Strikes out swinging
|
Batting: LHB Donnie Cunningham
|
0-0: Ball 1-0: Ball 2-0: Foul Ball, location: 2F 2-1: Called Strike 2-2: Foul Ball, location: 2F 2-2: Ball 3-2: Strikes out looking
|
Batting: LHB Mike Davis
|
0-0: Called Strike 0-1: Ball 1-1: Foul Ball, location: 2F 1-2: Foul Ball, location: 2F 1-2: Ball 2-2: Ball 3-2: Base on Balls
|
Batting: LHB Culley Vaughan
|
0-0: Ball 1-0: Ground out 4-3 (Groundball, 34D)
|
Bottom of the 6th over - 0 run(s), 0 hit(s), 0 error(s), 1 left on base; Santa Monica 1 - District 9 1 |
TOP OF THE 7TH |
Santa Monica Bruins batting - Pitching for District 9 Prawns : LHP Ricardo Vega
|
Pitching: RHP José Huerta
|
|
Pinch Hitting: LHB Ken Phillips
|
0-0: Called Strike 0-1: Swinging Strike 0-2: Strikes out swinging, 2-3 out at first.
|
Batting: LHB Francisco Medina
|
0-0: Ball 1-0: Ball 2-0: Fly out, F8 (Flyball, 8LM)
|
Batting: RHB Alfredo López
|
0-0: Ball 1-0: Foul Ball, location: 2F 1-1: Ball 2-1: SOLO HOME RUN (Line Drive, 7D), Distance : 388 ft
|
Batting: RHB Fletcher Reed
|
0-0: Fly out, F9 (Flyball, 9S)
|
Top of the 7th over - 1 run(s), 1 hit(s), 0 error(s), 0 left on base; Santa Monica 2 - District 9 1 |
BOTTOM OF THE 7TH |
District 9 Prawns batting - Pitching for Santa Monica Bruins : RHP Mario Chávez
|
Now in LF: Ricardo Guzmán
|
|
Batting: RHB Phil Jacobs
|
0-0: Ball 1-0: Foul Ball, location: 2F 1-1: Ball 2-1: Ground out 4-3 (Groundball, 4)
|
Batting: SHB Félix Montoya
|
0-0: Foul Ball, location: 2F 0-1: Called Strike 0-2: Strikes out swinging
|
Batting: RHB José Colón
|
0-0: Foul Ball, location: 2F 0-1: Swinging Strike 0-2: Ground out 6-3 (Groundball, 6)
|
Bottom of the 7th over - 0 run(s), 0 hit(s), 0 error(s), 0 left on base; Santa Monica 2 - District 9 1 |
TOP OF THE 8TH |
Santa Monica Bruins batting - Pitching for District 9 Prawns : RHP José Huerta
|
Batting: SHB Adrián Nieto
|
0-0: Ball 1-0: Foul Ball, location: 2F 1-1: Ball 2-1: Ball 3-1: Base on Balls
|
Pinch Hitting: LHB Noriaki Sangi
|
Pickoff Throw to First - Out! 0-0: Ball 1-0: Foul Ball, location: 2F 1-1: Ground out U3 (Groundball, 3)
|
Batting: RHB Bonifacio Torres
|
0-0: Ball 1-0: Called Strike 1-1: Fly out, F8 (Line Drive, 8LD)
|
Top of the 8th over - 0 run(s), 0 hit(s), 0 error(s), 0 left on base; Santa Monica 2 - District 9 1 |
BOTTOM OF THE 8TH |
District 9 Prawns batting - Pitching for Santa Monica Bruins : RHP Mario Chávez
|
Now in RF: Marty Hendrickson
|
|
Batting: SHB Rick Turner
|
0-0: Called Strike 0-1: Ball 1-1: Ground out 5-3 (Groundball, 5S)
|
Batting: LHB Terry Simpson
|
0-0: Called Strike 0-1: Swinging Strike 0-2: Strikes out swinging
|
Batting: RHB Felipe Jareńo
|
0-0: SINGLE (Flyball, 89S)
|
Pinch Hitting: LHB Leonard Young
|
0-0: Ball 1-0: Called Strike 1-1: Ball 2-1: Fly out, F9 (Flyball, 89S)
|
Bottom of the 8th over - 0 run(s), 1 hit(s), 0 error(s), 1 left on base; Santa Monica 2 - District 9 1 |
TOP OF THE 9TH |
Santa Monica Bruins batting - Pitching for District 9 Prawns : RHP José Huerta
|
Now in CF: Miguel Barrón
|
|
Batting: RHB Luis Martínez
|
0-0: Ball 1-0: Ball 2-0: Ground out 5-3 (Groundball, 5)
|
Batting: RHB Ernest Russell
|
0-0: Called Strike 0-1: Ball 1-1: Swinging Strike 1-2: Ball 2-2: Ball 3-2: Foul Ball, location: 2F 3-2: Base on Balls
|
Pitching: RHP Mike Stabler
|
|
Pinch Hitting: RHB Pablo Peńa
|
0-0: Ball 1-0: Called Strike 1-1: Ball 2-1: Ball 3-1: Foul Ball, location: 2F 3-2: Base on Balls Ernest Russell to second
|
Batting: LHB Francisco Medina
|
0-0: Ball 1-0: Ball 2-0: Ball 3-0: Base on Balls Ernest Russell to third Pablo Peńa to second
|
Batting: RHB Alfredo López
|
0-0: Ball 1-0: Called Strike 1-1: Ball 2-1: TRIPLE (Flyball, 7D) Ernest Russell scores Pablo Peńa scores Francisco Medina scores
|
Batting: RHB Fletcher Reed
|
0-0: Ball 1-0: Ball 2-0: Called Strike 2-1: Foul Ball, location: 2F 2-2: Ball 3-2: Strikes out looking
|
Batting: SHB Adrián Nieto
|
0-0: Called Strike 0-1: Fly out, F8 (Line Drive, 8RD)
|
Top of the 9th over - 3 run(s), 1 hit(s), 0 error(s), 1 left on base; Santa Monica 5 - District 9 1 |
BOTTOM OF THE 9TH |
District 9 Prawns batting - Pitching for Santa Monica Bruins : RHP Mario Chávez
|
Now in CF: Ramiro Martínez
|
|
Batting: LHB Mike Davis
|
0-0: Ball 1-0: Foul Ball, location: 2F 1-1: Ball 2-1: Fly out, F8 (Flyball, 8LM)
|
Batting: LHB Culley Vaughan
|
0-0: Ground out 3-1 (Groundball, 34)
|
Batting: RHB Phil Jacobs
|
0-0: Ball 1-0: Ball 2-0: Called Strike 2-1: Ball 3-1: Ground out 1-3 (Groundball, P)
|
Bottom of the 9th over - 0 run(s), 0 hit(s), 0 error(s), 0 left on base; Santa Monica 5 - District 9 1 |
|